 Dungeon Crawl Stone Soup version 0.17-a0-473-gfd9ac06 (webtiles) character file.

11905 Kisielow the Carver (level 11, 0/101 HPs)
             Began as a Minotaur Fighter on Apr 7, 2015.
             Was a Priest of Okawaru.
             Slain by Erica
             ... wielding a +1 scimitar of flaming
              (7 damage)
             ... on level 10 of the Dungeon.
             The game lasted 00:54:21 (12042 turns).

Kisielow the Carver (Minotaur Fighter)             Turns: 12042, Time: 00:54:21

Health: 0/101      AC: 19    Str: 27    XL:     11   Next: 55%
Magic:  10/10      EV:  5    Int:  5    God:    Okawaru [***...]
Gold:   752        SH:  0    Dex:  9    Spells: 0 memorised, 10 levels left

rFire  . . .     SeeInvis .     K - +2 scimitar
rCold  . . .     Clarity  .     f - +0 plate armour
rNeg   . . .     SustAb   .     c - +2 shield
rPois  .         Gourm    .     (helmet restricted)
rElec  .         Spirit   .     q - +0 cloak
rCorr  .         Warding  .     e - +1 pair of gloves
rMut   .         Stasis   .     (no boots)
MR     .....                    o - amulet of rage
Stlth  ..........               D - +2 ring of strength
                                h - +2 ring of evasion

@: confused, held, not resistant to hostile enchantments, extremely unstealthy
A: retaliatory headbutt, horns 2
a: Heroism, Renounce Religion, Evoke Berserk Rage


You were on level 10 of the Dungeon.
You worshipped Okawaru.
Okawaru was most pleased with you.
You were hungry.

You visited 2 branches of the dungeon, and saw 11 of its levels.
You also visited: Sewer.

You collected 752 gold pieces.

Inventory:

Hand weapons
 k - a +0 vampiric double sword
 B - a +0 shortbow
 I - a +0 great sword
 K - a +2 scimitar (weapon)
Missiles
 C - 18 arrows
Armour
 c - a +2 shield (worn)
 e - a +1 pair of gloves (worn)
 f - a +0 plate armour (worn)
 q - a +0 cloak (worn)
Jewellery
 h - a +2 ring of evasion (left hand)
 o - an amulet of rage (around neck)
 p - an uncursed ring of sustain abilities
 D - a +2 ring of strength (right hand)
 E - an uncursed ring of flight
 M - an uncursed ring of positive energy
Magical devices
 b - a wand of fireball (4)
 i - a wand of random effects (24)
 j - a wand of magic darts (9)
 x - a wand of draining (5)
 F - a wand of hasting (2)
 G - a wand of fire (0)
Scrolls
 g - a scroll of remove curse
 t - 3 scrolls of recharging
 u - 8 scrolls of teleportation
 y - a scroll of amnesia
 L - a scroll of magic mapping
Potions
 l - 4 potions of haste
 r - 2 potions of agility
 v - a potion of brilliance
 w - a potion of resistance
 A - 2 potions of restore abilities
Books
 z - a book of Flames

   Spells                             Type                      Level
   a - Flame Tongue                   Conjuration/Fire             1
   b - Throw Flame                    Conjuration/Fire             2
   c - Conjure Flame                  Conjuration/Fire             3
   d - Inner Flame                    Hexes/Fire                   3
   e - Sticky Flame                   Conjuration/Fire             4
   f - Fireball                       Conjuration/Fire             5
Comestibles
 a - a beef jerky
 d - 12 bread rations
 m - 2 meat rations
 J - a royal jelly


   Skills:
 * Level 10.6 Fighting
 * Level 12.7 Long Blades
 * Level 3.1 Bows
 * Level 11.5 Armour
 - Level 10.2 Shields


You had 10 spell levels left.
You didn't know any spells.

Dungeon Overview and Level Annotations

Branches:
Dungeon (10/15)            Temple (1/1) D:7
   Lair: D:8-11         Orc: D:9-12

Altars:
Ashenzari
Cheibriados
Dithmenos
Elyvilon
Fedhas
Gozag
Kikubaaqudgha
Makhleb
Nemelex Xobeh
Okawaru
Qazlal
Ru
Sif Muna
Trog
Vehumet
Xom
Yredelemnul
Zin
The Shining One

Shops:
D:10 [

Annotations:
D:10 Erica, Harold


Innate Abilities, Weirdness & Mutations

You reflexively headbutt those who attack you in melee.
You have a pair of horns on your head.


Message History

Your plate armour prevents you from hitting Erica.
You headbutt Erica.
Erica is severely wounded.
You barely miss Erica. Your headbutt misses Erica.
Erica is severely wounded.
Erica points at you and mumbles some strange words.
You are confused.
A killer bee comes into view.
The killer bee buzzes angrily.
Erica hits you but does no damage.
Harold says, "Ah, this is what I got into this business for!"
Harold throws a throwing net.
The throwing net hits you.
You become entangled in the net!
You see here a throwing net.
You struggle against the net.
Erica gestures at you while chanting. You resist with some effort.
You struggle to escape the net.
Erica hits you with a scimitar of flaming!
You die...

.... #...#.........#.
...@. #...#.........#.
...>.. #...###....)###.
....... #.....#.....#...
..... #...###.....#... ...
#...#.......#...
#######'###...#####'###...
........@@................
........y@)....#######....
.###..........# #....
#^#..........# #....
###...######## #....
...... #.... ..... #####
.... ###


You could see Harold, Erica and a killer bee.

Vanquished Creatures
  The ghost of oplop the Blocker, a powerful FoFi of Okawaru (D:10)
  Erolcha (D:8)
  A hill giant (D:10)
  Pikel (D:6)
  An orc knight (D:10)
  4 slime creatures
  Psyche (D:8)
  A gargoyle (D:10)
  A troll (D:9)
  A two-headed ogre (D:6)
  5 yaks (D:9)
  A spriggan (D:9)
  A wraith (D:10)
  Eustachio (D:10)
  A wyvern (D:8)
  A hungry ghost (D:9)
  Menkaure (D:6)
  Duvessa (D:5)
  2 black bears
  10 ogres
  6 orc warriors
  3 ice beasts
  A gnoll sergeant (D:7)
  2 big kobolds
  4 centaurs
  Blork the orc (D:6)
  8 giant frogs
  A wyvern zombie (D:10)
  A water moccasin zombie (D:8)
  Dowan (D:5)
  3 scorpions
  6 killer bees (D:9)
  A quasit (D:9)
  6 hounds
  3 wights (D:7)
  5 crimson imps
  A goliath beetle (D:7)
  2 centaur skeletons
  8 orc priests
  15 orc wizards
  3 jellies
  2 giant frog skeletons (D:8)
  2 gnoll shamans (D:7)
  7 worker ants
  4 iguanas
  A killer bee zombie (D:9)
  2 hound skeletons (D:8)
  17 adders
  8 gnolls (D:7)
  2 river rats (D:3)
  A shadow imp (D:8)
  8 worms
  2 adder skeletons
  8 giant geckos
  9 oozes
  37 orcs
  A bat skeleton (D:4)
  12 giant cockroaches
  17 goblins
  19 hobgoblins
  12 jackals
  4 quokkas
  3 ball pythons
  17 bats
  4 giant newts
  A giant spore (D:10)
  46 kobolds
  3 quokka skeletons
  12 rats
  4 ballistomycetes (D:10)
383 creatures vanquished.

Vanquished Creatures (others)
  2 slaves (D:6)
  A black bear (D:6)
  2 orcs (D:6)
5 creatures vanquished.

Grand Total: 388 creatures vanquished

Notes
Turn   | Place    | Note
--------------------------------------------------------------
     0 | D:1      | Kisielow, the Minotaur Fighter, began the quest for the Orb.
     0 | D:1      | Reached XP level 1. HP: 19/19 MP: 0/0
   176 | D:1      | Reached skill level 4 in Armour
   249 | D:1      | Reached XP level 2. HP: 27/27 MP: 1/1
   406 | D:1      | Reached XP level 3. HP: 28/33 MP: 2/2
   887 | D:2      | Reached XP level 4. HP: 27/40 MP: 3/3
  1415 | D:2      | Reached skill level 5 in Armour
  1738 | D:3      | Reached XP level 5. HP: 41/47 MP: 4/4
  1766 | D:3      | Reached skill level 5 in Shields
  1962 | D:3      | Found a glowing drain.
  2017 | Sewer    | Entered a sewer
  2241 | Sewer    | Reached XP level 6. HP: 49/53 MP: 5/5
  2840 | D:3      | Found a white marble altar of Elyvilon.
  3121 | D:4      | Found a sacrificial altar of Ru.
  3280 | D:4      | Reached skill level 5 in Fighting
  3280 | D:4      | Reached skill level 6 in Shields
  3723 | D:4      | Reached XP level 7. HP: 35/61 MP: 6/6
  4641 | D:5      | Entered Level 5 of the Dungeon
  4828 | D:5      | Found a snail-covered altar of Cheibriados.
  4828 | D:5      | Found a sparkling altar of Nemelex Xobeh.
  4981 | D:5      | Reached skill level 5 in Long Blades
  4981 | D:5      | Reached skill level 7 in Shields
  5061 | D:5      | Noticed Dowan
  5085 | D:5      | Killed Dowan
  5098 | D:5      | Noticed Duvessa
  5112 | D:5      | Killed Duvessa
  5116 | D:5      | Reached XP level 8. HP: 27/70 MP: 7/7
  6288 | D:6      | Reached skill level 8 in Armour
  6554 | D:6      | Noticed Blork the orc
  6572 | D:6      | Killed Blork the orc
  6751 | D:6      | Noticed a two-headed ogre
  6758 | D:6      | Killed a two-headed ogre
  6761 | D:6      | Noticed Pikel
  6768 | D:6      | Noticed Menkaure
  6794 | D:6      | Killed Pikel
  6794 | D:6      | Reached XP level 9. HP: 51/79 MP: 8/8
  6801 | D:6      | Killed Menkaure
  7106 | D:6      | Reached skill level 9 in Shields
  7107 | D:6      | Found an opulent altar of Gozag.
  7150 | D:7      | Found a shimmering altar of Xom.
  7416 | D:7      | Got an ichor-stained quarterstaff
  7825 | D:7      | Identified the +5 quarterstaff of Duty {venom, +Fly rF- MR++ Str+2} (You found it on level 7 of the Dungeon)
  8581 | D:8      | Reached XP level 10. HP: 76/88 MP: 9/9
  8647 | D:8      | Noticed Psyche
  8660 | D:8      | Killed Psyche
  8660 | D:8      | Reached skill level 10 in Shields
  8950 | D:8      | Noticed Erolcha
  8974 | D:8      | Killed Erolcha
  8974 | D:8      | Reached skill level 10 in Long Blades
  8974 | D:8      | Reached skill level 10 in Armour
  9299 | D:7      | Found a staircase to the Ecumenical Temple.
  9310 | Temple   | Entered the Ecumenical Temple
  9481 | Temple   | Became a worshipper of Warmaster Okawaru
 10254 | D:9      | Found a basalt altar of Yredelemnul.
 10273 | D:9      | Acquired Okawaru's first power
 10278 | D:9      | Reached skill level 11 in Long Blades
 10280 | D:9      | Reached skill level 1 in Bows
 10420 | D:9      | Reached XP level 11. HP: 58/99 MP: 10/10
 10734 | D:9      | Reached skill level 10 in Fighting
 10769 | D:10     | Entered Level 10 of the Dungeon
 11306 | D:9      | Reached skill level 12 in Long Blades
 11349 | D:10     | Found Javomo's Antique Armour Emporium.
 11593 | D:10     | Noticed a hill giant
 11604 | D:10     | Killed a hill giant
 11611 | D:10     | Noticed oplop's ghost (powerful FoFi)
 11656 | D:10     | Killed oplop's ghost
 11976 | D:10     | Noticed Eustachio
 11984 | D:10     | Killed Eustachio
 11991 | D:10     | Noticed Harold
 12029 | D:10     | Noticed Erica
 12029 | D:10     | Identified a scroll of acquirement
 12042 | D:10     | Slain by Erica

Action                   |  1- 3 |  4- 6 |  7- 9 | 10-12 || total
-------------------------+-------+-------+-------+-------++-------
Melee: Long sword        |    84 |   329 |   385 |       ||   798
       Scimitar          |       |       |    48 |   464 ||   512
Invok: Heroism           |       |       |       |     5 ||     5
 Abil: Evoke Berserk Rag |       |       |       |     2 ||     2
Evoke: Wand              |       |       |       |     4 ||     4
  Use: Scroll            |       |    14 |    13 |     6 ||    33
       Potion            |       |       |     4 |    14 ||    18
  Eat: Chunk             |       |    10 |    16 |     9 ||    35
       Bread ration      |       |       |       |     1 ||     1
